Flames vs Predators

Created - April 30 2012 at 18:52

Goals
1 2 3 T
Flames 1 2 2 5
Predators 2 3 1 6
Shots
1 2 3 T
Flames 6 9 14 29
Predators 12 12 10 34

Period #1

1. Predators , Mikhail Grabovski 5 (Francis Bouillon, Patric Hornqvist) at 4:24
2. Flames , Michael Grabner 6 (Andrew MacDonald, Pierre-Marc Bouchard) at 8:43 (PP)
3. Predators , Patric Hornqvist 1 (Jeff Carter, Nicklas Backstrom) at 14:30 (PP)

Penalties :
Cody Franson (NSH) for Slashing (Minor) at 1:53, Max Pacioretty (NSH) for Tripping (Minor) at 4:39, Patric Hornqvist (NSH) for Hooking (Minor) at 8:29, Dustin Brown (CGY) for Hooking (Minor) at 10:51, Toni Lydman (CGY) for Interference (Minor) at 14:02, Shawn Horcoff (CGY) for Goalie Interference (Minor) at 15:55, Tomas Kopecky (CGY) for Holding (Minor) at 17:32

Period #2

4. Flames , Andrew MacDonald 3 (Ryan Kesler, Mikael Samuelsson) at 4:59 (PP)
5. Predators , Mikhail Grabovski 6 (Max Pacioretty, Brent Burns) at 7:23
6. Predators , Marian Gaborik 6 (Mikhail Grabovski, Shea Weber) at 10:28 (PP)
7. Flames , Pierre-Marc Bouchard 3 (Andrew MacDonald, John-Michael Liles) at 10:54
8. Predators , Patric Hornqvist 2 (Brent Burns, Nicklas Backstrom) at 14:21 (PP)

Penalties :
Cody Franson (NSH) for High sticking (Double Minor) at 1:54, Andrew MacDonald (CGY) for Cross-checking (Minor) at 9:11, Niklas Kronwall (CGY) for Hooking (Minor) at 12:34

Period #3

9. Predators , Mikhail Grabovski 7 (Marian Gaborik, Shea Weber) at 4:14 (PP)
10. Flames , Brenden Morrow 7 (Ryan Kesler, Mikael Samuelsson) at 8:04
11. Flames , Mikael Samuelsson 4 (Andrew MacDonald, Brenden Morrow) at 14:09 (PP)

Penalties :
Niklas Kronwall (CGY) for Slashing (Minor) at 0:11, Niklas Kronwall (CGY) for Hooking (Minor) at 3:19, Francis Bouillon (NSH) for Hooking (Minor) at 11:34, Paul Gaustad (NSH) for High sticking (Minor) at 12:41, Max Pacioretty (NSH) for Hooking (Minor) at 17:53

Goalie Stats

Sergei Bobrovsky (CGY), 14 saves from 16 shots - (0.875), L, 1-1-0, 28:39 minutes
Tim Thomas (CGY), 14 saves from 18 shots - (0.778), 30:28 minutes
Dwayne Roloson (NSH), 24 saves from 29 shots - (0.828), W, 1-1-0, 60:00 minutes

Players Stats

Flames
Player Name              G  A  P  +/- PIM S  H  SB FO    MP 
------------------------------------------------------------
Andrew MacDonald         1  3  4   1  2   2  0  0  0/0   18 
Anze Kopitar             0  0  0  -1  0   2  1  1  19/44 22 
Brenden Morrow           1  1  2   0  0   4  5  0  0/1   24 
Dan Boyle                0  0  0   0  0   2  2  1  0/0   24 
Devin Setoguchi          0  0  0   0  0   2  1  0  1/4   12 
Dustin Brown             0  0  0  -1  2   2  2  0  1/1   15 
Erik Johnson             0  0  0  -1  0   0  0  0  0/0   17 
Jack Johnson             0  0  0   0  0   0  0  0  0/0   0  
John-Michael Liles       0  1  1   1  0   0  1  0  0/0   17 
Michael Grabner          1  0  1   0  0   3  0  0  0/0   21 
Mikael Samuelsson        1  2  3   0  0   3  0  0  2/5   16 
Niklas Kronwall          0  0  0   0  6   2  3  0  0/0   19 
Pierre-Marc Bouchard     1  1  2   1  0   1  2  0  1/2   14 
Robyn Regehr             0  0  0   0  0   0  0  2  0/0   10 
Ryan Kesler              0  2  2   0  0   2  1  1  14/31 24 
Shawn Horcoff            0  0  0   1  2   1  2  0  10/16 13 
Tomas Kopecky            0  0  0   0  2   0  0  0  0/0   5  
Toni Lydman              0  0  0  -1  2   3  1  2  0/0   16 
Predators
Player Name              G  A  P  +/- PIM S  H  SB FO    MP 
------------------------------------------------------------
Braydon Coburn           0  0  0   0  0   1  4  1  0/0   23 
Brent Burns              0  2  2   0  0   1  3  1  0/0   21 
Chad LaRose              0  0  0   1  0   0  1  0  0/0   10 
Chris Neil               0  0  0  -1  0   0  3  0  1/1   14 
Cody Franson             0  0  0  -1  6   2  1  2  0/0   15 
Francis Bouillon         0  1  1   1  2   0  1  0  0/0   4  
Jeff Carter              0  1  1   0  0   4  0  0  4/7   21 
Marian Gaborik           1  1  2   0  0   4  0  0  0/1   14 
Matt Bradley             0  0  0   0  0   0  0  0  0/0   1  
Max Pacioretty           0  1  1   0  4   2  7  0  0/2   15 
Mikhail Grabovski        3  1  4   1  0   5  0  0  9/30  19 
Nicklas Backstrom        0  2  2   0  0   2  0  1  23/32 21 
Patric Hornqvist         2  1  3   1  2   3  1  0  0/0   19 
Paul Gaustad             0  0  0  -1  2   1  1  0  18/30 19 
Shea Weber               0  2  2   1  0   4  2  2  0/0   23 
Tomas Kaberle            0  0  0  -1  0   2  1  0  0/0   17 
Wayne Simmonds           0  0  0  -1  0   1  0  0  1/1   14 
Zbynek Michalek          0  0  0   0  0   2  0  2  0/0   16 

3 Stars

1 - Mikhail Grabovski (NSH)
2 - Patric Hornqvist (NSH)
3 - Andrew MacDonald (CGY)

Power Play

Flames - 3 on 8 Attempt(s) - 37.50%
Predators - 4 on 8 Attempt(s) - 50.00%

Penalty Kill

Flames - 4 on 8 Attempt(s) - 50.00% - Score 0 goal in Penalty Kill
Predators - 5 on 8 Attempt(s) - 62.50% - Score 0 goal in Penalty Kill

Game Notes

Sergei Bobrovsky enters game at 10:28 of 2nd period
Mikhail Grabovski has scored a Hat Trick!

Finance

Level 1 -- Attendance: 6500 (100.00%) -- Ticket Income $520,000.00
Level 2 -- Attendance: 5000 (100.00%) -- Ticket Income $260,000.00
Level 3 -- Attendance: 3500 (100.00%) -- Ticket Income $105,000.00
Level 4 -- Attendance: 1113 (100.00%) -- Ticket Income $22,260.00
Luxury Box -- Attendance: 1000 (100.00%) -- Ticket Income $135,000.00
Game was played at the Bridgestone Arena
Total Attendance: 17113 (100.00%)
Total Ticket Income: $1,058,605.00
Other Income: $317,581.46
Total Income: $1,376,186.00


Play by Play

Period #1

0:01 of 1st period - Nicklas Backstrom wins face-off versus Ryan Kesler in neutral zone.
1:06 of 1st period - Icing by Dustin Brown.
1:07 of 1st period - Anze Kopitar wins face-off versus Mikhail Grabovski in Flames zone.
1:22 of 1st period - Shot by Mikhail Grabovski.
1:22 of 1st period - Stopped by Tim Thomas without a rebound.
1:23 of 1st period - Shawn Horcoff wins face-off versus Paul Gaustad in Flames zone.
1:23 of 1st period - Shawn Horcoff is hit by Chris Neil.
1:34 of 1st period - Icing by Paul Gaustad.
1:35 of 1st period - Paul Gaustad wins face-off versus Anze Kopitar in Predators zone.
1:52 of 1st period - Erik Johnson is hit by Braydon Coburn and loses puck.
1:53 of 1st period - Minor Penalty to Cody Franson for Slashing.
1:54 of 1st period - Nicklas Backstrom wins face-off versus Ryan Kesler in Predators zone.
1:59 of 1st period - Shot by Ryan Kesler.
1:59 of 1st period - Shot Misses the Net.
2:01 of 1st period - Shot by Ryan Kesler.
2:01 of 1st period - Stopped by Dwayne Roloson without a rebound.
2:02 of 1st period - Nicklas Backstrom wins face-off versus Ryan Kesler in Predators zone.
2:29 of 1st period - Shot by Ryan Kesler.
2:29 of 1st period - Shot Misses the Net.
2:31 of 1st period - Shot by Brenden Morrow.
2:31 of 1st period - Shot Misses the Net.
2:33 of 1st period - Shot by Michael Grabner.
2:33 of 1st period - Stopped by Dwayne Roloson without a rebound.
2:34 of 1st period - Nicklas Backstrom wins face-off versus Anze Kopitar in Predators zone.
2:40 of 1st period - Icing by Dan Boyle.
2:41 of 1st period - Nicklas Backstrom wins face-off versus Anze Kopitar in Flames zone.
2:41 of 1st period - Nicklas Backstrom is hit by Niklas Kronwall.
2:47 of 1st period - Shot by Nicklas Backstrom.
2:47 of 1st period - Stopped by Tim Thomas without a rebound.
2:48 of 1st period - Nicklas Backstrom wins face-off versus Anze Kopitar in Flames zone.
3:02 of 1st period - Shot by Anze Kopitar.
3:02 of 1st period - Shot Blocked by Brent Burns.
3:06 of 1st period - Shot by Dan Boyle.
3:06 of 1st period - Stopped by Dwayne Roloson without a rebound.
3:07 of 1st period - Paul Gaustad wins face-off versus Ryan Kesler in Predators zone.
3:07 of 1st period - Paul Gaustad is hit by Brenden Morrow.
3:58 of 1st period - Shot by Toni Lydman.
3:58 of 1st period - Stopped by Dwayne Roloson without a rebound.
3:59 of 1st period - Ryan Kesler wins face-off versus Mikhail Grabovski in Predators zone.
4:18 of 1st period - Shot by Patric Hornqvist.
4:18 of 1st period - Shot Misses the Net.
4:24 of 1st period - Shot by Mikhail Grabovski.
4:24 of 1st period - Goal by Mikhail Grabovski - Flames : 0 - Predators : 1.
4:25 of 1st period - Anze Kopitar wins face-off versus Mikhail Grabovski in neutral zone.
4:39 of 1st period - Minor Penalty to Max Pacioretty for Tripping.
4:40 of 1st period - Paul Gaustad wins face-off versus Anze Kopitar in Predators zone.
4:40 of 1st period - Paul Gaustad is hit by Dustin Brown.
4:57 of 1st period - Shot by Anze Kopitar.
4:57 of 1st period - Shot Blocked by Nicklas Backstrom.
5:01 of 1st period - Shot by Niklas Kronwall.
5:01 of 1st period - Stopped by Dwayne Roloson with a rebound.
6:50 of 1st period - Shot by Max Pacioretty.
6:50 of 1st period - Stopped by Tim Thomas without a rebound.
6:51 of 1st period - Chris Neil wins face-off versus Mikael Samuelsson in Flames zone.
6:51 of 1st period - Chris Neil is hit by Toni Lydman.
7:51 of 1st period - Shot by Patric Hornqvist.
7:51 of 1st period - Shot Blocked by Robyn Regehr.
7:53 of 1st period - Shot by Patric Hornqvist.
7:53 of 1st period - Stopped by Tim Thomas without a rebound.
7:54 of 1st period - Ryan Kesler wins face-off versus Mikhail Grabovski in Flames zone.
7:54 of 1st period - Brenden Morrow is hit by Max Pacioretty and loses puck.
8:24 of 1st period - Icing by Ryan Kesler.
8:25 of 1st period - Jeff Carter wins face-off versus Devin Setoguchi in Flames zone.
8:29 of 1st period - Minor Penalty to Patric Hornqvist for Hooking.
8:30 of 1st period - Paul Gaustad wins face-off versus Pierre-Marc Bouchard in Predators zone.
8:41 of 1st period - Shot by Andrew MacDonald.
8:41 of 1st period - Shot Misses the Net.
8:43 of 1st period - Shot by Michael Grabner.
8:43 of 1st period - Goal by Michael Grabner - Flames : 1 - Predators : 1.
8:44 of 1st period - Anze Kopitar wins face-off versus Nicklas Backstrom in neutral zone.
8:59 of 1st period - Icing by Anze Kopitar.
9:00 of 1st period - Paul Gaustad wins face-off versus Anze Kopitar in Flames zone.
9:01 of 1st period - Shot by Cody Franson.
9:01 of 1st period - Stopped by Tim Thomas without a rebound.
9:02 of 1st period - Paul Gaustad wins face-off versus Shawn Horcoff in Flames zone.
10:05 of 1st period - Shot by Ryan Kesler.
10:05 of 1st period - Deflect By Mikael Samuelsson.
10:05 of 1st period - Shot Misses the Net.
10:50 of 1st period - Icing by Patric Hornqvist.
10:51 of 1st period - Nicklas Backstrom wins face-off versus Anze Kopitar in Predators zone.
10:51 of 1st period - Minor Penalty to Dustin Brown for Hooking.
10:52 of 1st period - Anze Kopitar wins face-off versus Max Pacioretty in Flames zone.
11:20 of 1st period - Icing by Brent Burns.
11:21 of 1st period - Mikhail Grabovski wins face-off versus Anze Kopitar in Predators zone.
12:09 of 1st period - Shot by Nicklas Backstrom.
12:09 of 1st period - Shot Blocked by Robyn Regehr.
12:56 of 1st period - Icing by Andrew MacDonald.
12:57 of 1st period - Paul Gaustad wins face-off versus Shawn Horcoff in Flames zone.
12:59 of 1st period - Wayne Simmonds is hit by John-Michael Liles and loses puck.
13:31 of 1st period - Icing by Cody Franson.
13:32 of 1st period - Paul Gaustad wins face-off versus Anze Kopitar in Predators zone.
13:32 of 1st period - Paul Gaustad is hit by Dustin Brown.
13:47 of 1st period - Icing by Toni Lydman.
13:48 of 1st period - Dustin Brown wins face-off versus Mikhail Grabovski in Flames zone.
13:53 of 1st period - Erik Johnson is hit by Francis Bouillon.
14:02 of 1st period - Minor Penalty to Toni Lydman for Interference.
14:03 of 1st period - Anze Kopitar wins face-off versus Nicklas Backstrom in Flames zone.
14:14 of 1st period - Icing by Patric Hornqvist.
14:15 of 1st period - Ryan Kesler wins face-off versus Nicklas Backstrom in Predators zone.
14:30 of 1st period - Shot by Patric Hornqvist.
14:30 of 1st period - Goal by Patric Hornqvist - Flames : 1 - Predators : 2.
14:31 of 1st period - Paul Gaustad wins face-off versus Ryan Kesler in neutral zone.
15:25 of 1st period - Icing by Braydon Coburn.
15:26 of 1st period - Shawn Horcoff wins face-off versus Paul Gaustad in Predators zone.
15:27 of 1st period - Shot by Pierre-Marc Bouchard.
15:27 of 1st period - Shot Blocked by Cody Franson.
15:39 of 1st period - Icing by Andrew MacDonald.
15:40 of 1st period - Shawn Horcoff wins face-off versus Mikhail Grabovski in Flames zone.
15:40 of 1st period - Shawn Horcoff is hit by Max Pacioretty.
15:55 of 1st period - Minor Penalty to Shawn Horcoff for Goalie Interference.
15:56 of 1st period - Nicklas Backstrom wins face-off versus Anze Kopitar in Flames zone.
16:35 of 1st period - Jeff Carter is hit by Anze Kopitar.
17:32 of 1st period - Minor Penalty to Tomas Kopecky for Holding.
17:33 of 1st period - Nicklas Backstrom wins face-off versus Ryan Kesler in Flames zone.
17:36 of 1st period - Shot by Jeff Carter.
17:36 of 1st period - Shot Misses the Net.
17:38 of 1st period - Shot by Tomas Kaberle.
17:38 of 1st period - Stopped by Tim Thomas without a rebound.
17:39 of 1st period - Nicklas Backstrom wins face-off versus Anze Kopitar in Flames zone.
17:40 of 1st period - Shot by Tomas Kaberle.
17:40 of 1st period - Shot Misses the Net.
17:42 of 1st period - Shot by Tomas Kaberle.
17:42 of 1st period - Stopped by Tim Thomas without a rebound.
17:43 of 1st period - Mikhail Grabovski wins face-off versus Anze Kopitar in Flames zone.
19:02 of 1st period - Shot by Marian Gaborik.
19:02 of 1st period - Shot Blocked by Anze Kopitar.
19:04 of 1st period - Shot by Braydon Coburn.
19:04 of 1st period - Shot Misses the Net.
19:06 of 1st period - Shot by Shea Weber.
19:06 of 1st period - Stopped by Tim Thomas without a rebound.
19:07 of 1st period - Nicklas Backstrom wins face-off versus Ryan Kesler in Flames zone.
19:36 of 1st period - Shot by Nicklas Backstrom.
19:36 of 1st period - Shot Misses the Net.
19:38 of 1st period - Shot by Braydon Coburn.
19:38 of 1st period - Stopped by Tim Thomas with a rebound.
19:40 of 1st period - Shot by Cody Franson.
19:40 of 1st period - Shot Misses the Net.
19:42 of 1st period - Shot by Paul Gaustad.
19:42 of 1st period - Stopped by Tim Thomas without a rebound.
19:43 of 1st period - Paul Gaustad wins face-off versus Shawn Horcoff in Flames zone.
19:44 of 1st period - Shot by Cody Franson.
19:44 of 1st period - Shot Misses the Net.

Period #2

0:01 of 2nd period - Nicklas Backstrom wins face-off versus Ryan Kesler in neutral zone.
0:19 of 2nd period - Shot by Brenden Morrow.
0:19 of 2nd period - Shot Misses the Net.
0:25 of 2nd period - Shot by Mikael Samuelsson.
0:25 of 2nd period - Stopped by Dwayne Roloson without a rebound.
0:26 of 2nd period - Anze Kopitar wins face-off versus Marian Gaborik in Predators zone.
0:29 of 2nd period - Shot by Erik Johnson.
0:29 of 2nd period - Shot Blocked by Zbynek Michalek.
0:33 of 2nd period - Shot by Anze Kopitar.
0:33 of 2nd period - Shot Blocked by Zbynek Michalek.
0:37 of 2nd period - Shot by Dustin Brown.
0:37 of 2nd period - Shot Misses the Net.
0:50 of 2nd period - Icing by Toni Lydman.
0:51 of 2nd period - Anze Kopitar wins face-off versus Paul Gaustad in Flames zone.
1:12 of 2nd period - Icing by Braydon Coburn.
1:13 of 2nd period - Ryan Kesler wins face-off versus Paul Gaustad in Predators zone.
1:16 of 2nd period - Shot by Ryan Kesler.
1:16 of 2nd period - Shot Misses the Net.
1:35 of 2nd period - Icing by Braydon Coburn.
1:36 of 2nd period - Wayne Simmonds wins face-off versus Shawn Horcoff in Predators zone.
1:54 of 2nd period - Double Minor Penalty to Cody Franson for High sticking.
1:55 of 2nd period - Nicklas Backstrom wins face-off versus Anze Kopitar in Predators zone.
4:22 of 2nd period - Shot by Brenden Morrow.
4:22 of 2nd period - Stopped by Dwayne Roloson without a rebound.
4:23 of 2nd period - Anze Kopitar wins face-off versus Max Pacioretty in Predators zone.
4:38 of 2nd period - Shot by Niklas Kronwall.
4:38 of 2nd period - Shot Misses the Net.
4:40 of 2nd period - Shot by Anze Kopitar.
4:40 of 2nd period - Shot Misses the Net.
4:42 of 2nd period - Shot by Devin Setoguchi.
4:42 of 2nd period - Stopped by Dwayne Roloson without a rebound.
4:43 of 2nd period - Paul Gaustad wins face-off versus Mikael Samuelsson in Predators zone.
4:59 of 2nd period - Shot by Andrew MacDonald.
4:59 of 2nd period - Goal by Andrew MacDonald - Flames : 2 - Predators : 2.
5:00 of 2nd period - Mikael Samuelsson wins face-off versus Mikhail Grabovski in neutral zone.
5:19 of 2nd period - Icing by Francis Bouillon.
5:20 of 2nd period - Shawn Horcoff wins face-off versus Mikhail Grabovski in Predators zone.
5:47 of 2nd period - Devin Setoguchi is hit by Chad LaRose and loses puck.
6:16 of 2nd period - Shot by Michael Grabner.
6:16 of 2nd period - Shot Blocked by Braydon Coburn.
6:20 of 2nd period - Shot by Toni Lydman.
6:20 of 2nd period - Stopped by Dwayne Roloson with a rebound.
6:52 of 2nd period - Michael Grabner is hit by Max Pacioretty and loses puck.
7:09 of 2nd period - Shot by Max Pacioretty.
7:09 of 2nd period - Shot Misses the Net.
7:11 of 2nd period - Shot by Zbynek Michalek.
7:11 of 2nd period - Stopped by Tim Thomas with a rebound.
7:13 of 2nd period - Shot by Marian Gaborik.
7:13 of 2nd period - Stopped by Tim Thomas with a rebound.
7:15 of 2nd period - Shot by Brent Burns.
7:15 of 2nd period - Deflect By Mikhail Grabovski.
7:15 of 2nd period - Shot Misses the Net.
7:23 of 2nd period - Shot by Mikhail Grabovski.
7:23 of 2nd period - Goal by Mikhail Grabovski - Flames : 2 - Predators : 3.
7:24 of 2nd period - Ryan Kesler wins face-off versus Jeff Carter in neutral zone.
7:34 of 2nd period - Nicklas Backstrom is hit by Ryan Kesler and loses puck.
7:40 of 2nd period - Shot by Patric Hornqvist.
7:40 of 2nd period - Shot Misses the Net.
7:42 of 2nd period - Shot by Nicklas Backstrom.
7:42 of 2nd period - Shot Blocked by Dan Boyle.
7:46 of 2nd period - Shot by Shea Weber.
7:46 of 2nd period - Stopped by Tim Thomas without a rebound.
7:47 of 2nd period - Ryan Kesler wins face-off versus Mikhail Grabovski in Flames zone.
8:10 of 2nd period - Shot by Niklas Kronwall.
8:10 of 2nd period - Stopped by Dwayne Roloson without a rebound.
8:11 of 2nd period - Shawn Horcoff wins face-off versus Paul Gaustad in Predators zone.
8:27 of 2nd period - Icing by Cody Franson.
8:28 of 2nd period - Paul Gaustad wins face-off versus Ryan Kesler in Predators zone.
9:01 of 2nd period - Nicklas Backstrom is hit by Brenden Morrow and loses puck.
9:11 of 2nd period - Minor Penalty to Andrew MacDonald for Cross-checking.
9:12 of 2nd period - Nicklas Backstrom wins face-off versus Anze Kopitar in Flames zone.
9:55 of 2nd period - Robyn Regehr is hit by Max Pacioretty and loses puck.
10:02 of 2nd period - Shot by Mikhail Grabovski.
10:02 of 2nd period - Stopped by Tim Thomas without a rebound.
10:03 of 2nd period - Mikhail Grabovski wins face-off versus Devin Setoguchi in Flames zone.
10:26 of 2nd period - Shot by Mikhail Grabovski.
10:26 of 2nd period - Shot Blocked by Ryan Kesler.
10:28 of 2nd period - Shot by Marian Gaborik.
10:28 of 2nd period - Goal by Marian Gaborik - Flames : 2 - Predators : 4.
10:28 of 2nd period - Sergei Bobrovsky enters game.
10:29 of 2nd period - Shawn Horcoff wins face-off versus Paul Gaustad in neutral zone.
10:29 of 2nd period - John-Michael Liles is hit by Chris Neil and loses puck.
10:35 of 2nd period - John-Michael Liles is hit by Tomas Kaberle and loses puck.
10:41 of 2nd period - Shawn Horcoff is hit by Cody Franson and loses puck.
10:54 of 2nd period - Shot by Pierre-Marc Bouchard.
10:54 of 2nd period - Goal by Pierre-Marc Bouchard - Flames : 3 - Predators : 4.
10:55 of 2nd period - Mikhail Grabovski wins face-off versus Anze Kopitar in neutral zone.
11:19 of 2nd period - Erik Johnson is hit by Max Pacioretty and loses puck.
11:27 of 2nd period - Off-side.
11:28 of 2nd period - Nicklas Backstrom wins face-off versus Ryan Kesler in neutral zone.
11:35 of 2nd period - Shot by Jeff Carter.
11:35 of 2nd period - Stopped by Sergei Bobrovsky with a rebound.
11:37 of 2nd period - Shot by Shea Weber.
11:37 of 2nd period - Shot Misses the Net.
11:42 of 2nd period - Shot by Nicklas Backstrom.
11:42 of 2nd period - Stopped by Sergei Bobrovsky without a rebound.
11:43 of 2nd period - Shawn Horcoff wins face-off versus Paul Gaustad in Flames zone.
11:59 of 2nd period - Off-side.
12:00 of 2nd period - Jeff Carter wins face-off versus Ryan Kesler in neutral zone.
12:02 of 2nd period - Nicklas Backstrom is hit by Dan Boyle and loses puck.
12:12 of 2nd period - Nicklas Backstrom is hit by Dan Boyle and loses puck.
12:24 of 2nd period - Nicklas Backstrom is hit by Niklas Kronwall and loses puck.
12:34 of 2nd period - Minor Penalty to Niklas Kronwall for Hooking.
12:35 of 2nd period - Anze Kopitar wins face-off versus Mikhail Grabovski in Flames zone.
12:45 of 2nd period - Shot by Marian Gaborik.
12:45 of 2nd period - Stopped by Sergei Bobrovsky without a rebound.
12:46 of 2nd period - Mikhail Grabovski wins face-off versus Anze Kopitar in Flames zone.
13:24 of 2nd period - Icing by Braydon Coburn.
13:25 of 2nd period - Ryan Kesler wins face-off versus Mikhail Grabovski in Predators zone.
13:44 of 2nd period - Icing by Jeff Carter.
13:45 of 2nd period - Nicklas Backstrom wins face-off versus Anze Kopitar in Predators zone.
13:51 of 2nd period - Icing by Jeff Carter.
13:52 of 2nd period - Nicklas Backstrom wins face-off versus Anze Kopitar in Predators zone.
13:56 of 2nd period - Icing by Jeff Carter.
13:57 of 2nd period - Ryan Kesler wins face-off versus Jeff Carter in Predators zone.
14:13 of 2nd period - Icing by Nicklas Backstrom.
14:14 of 2nd period - Nicklas Backstrom wins face-off versus Ryan Kesler in Predators zone.
14:21 of 2nd period - Shot by Patric Hornqvist.
14:21 of 2nd period - Goal by Patric Hornqvist - Flames : 3 - Predators : 5.
14:22 of 2nd period - Paul Gaustad wins face-off versus Shawn Horcoff in neutral zone.
14:22 of 2nd period - Paul Gaustad is hit by Pierre-Marc Bouchard.
14:45 of 2nd period - Braydon Coburn is hit by Pierre-Marc Bouchard and loses puck.
17:15 of 2nd period - Shot by Shawn Horcoff.
17:15 of 2nd period - Stopped by Dwayne Roloson without a rebound.
17:16 of 2nd period - Shawn Horcoff wins face-off versus Mikhail Grabovski in Predators zone.
18:07 of 2nd period - Shot by Ryan Kesler.
18:07 of 2nd period - Stopped by Dwayne Roloson without a rebound.
18:08 of 2nd period - Anze Kopitar wins face-off versus Paul Gaustad in Predators zone.
18:23 of 2nd period - Shot by Cody Franson.
18:23 of 2nd period - Stopped by Sergei Bobrovsky without a rebound.
18:24 of 2nd period - Ryan Kesler wins face-off versus Paul Gaustad in Flames zone.
19:27 of 2nd period - Shot by Nicklas Backstrom.
19:27 of 2nd period - Deflect By Marian Gaborik.
19:27 of 2nd period - Stopped by Sergei Bobrovsky without a rebound.
19:28 of 2nd period - Nicklas Backstrom wins face-off versus Anze Kopitar in Flames zone.

Period #3

0:01 of 3rd period - Nicklas Backstrom wins face-off versus Ryan Kesler in neutral zone.
0:11 of 3rd period - Minor Penalty to Niklas Kronwall for Slashing.
0:12 of 3rd period - Mikhail Grabovski wins face-off versus Anze Kopitar in Flames zone.
0:51 of 3rd period - Shot by Shea Weber.
0:51 of 3rd period - Stopped by Sergei Bobrovsky without a rebound.
0:52 of 3rd period - Ryan Kesler wins face-off versus Nicklas Backstrom in Flames zone.
1:26 of 3rd period - Shot by Patric Hornqvist.
1:26 of 3rd period - Deflect By Jeff Carter.
1:26 of 3rd period - Stopped by Sergei Bobrovsky without a rebound.
1:27 of 3rd period - Anze Kopitar wins face-off versus Mikhail Grabovski in Flames zone.
1:40 of 3rd period - Shot by Shea Weber.
1:40 of 3rd period - Stopped by Sergei Bobrovsky without a rebound.
1:41 of 3rd period - Anze Kopitar wins face-off versus Nicklas Backstrom in Flames zone.
2:40 of 3rd period - Cody Franson is hit by Shawn Horcoff and loses puck.
2:52 of 3rd period - Icing by Andrew MacDonald.
2:53 of 3rd period - Shawn Horcoff wins face-off versus Mikhail Grabovski in Flames zone.
2:53 of 3rd period - Shawn Horcoff is hit by Max Pacioretty.
2:56 of 3rd period - Icing by John-Michael Liles.
2:57 of 3rd period - Shawn Horcoff wins face-off versus Mikhail Grabovski in Flames zone.
3:19 of 3rd period - Minor Penalty to Niklas Kronwall for Hooking.
3:20 of 3rd period - Nicklas Backstrom wins face-off versus Anze Kopitar in Flames zone.
3:21 of 3rd period - Shot by Brent Burns.
3:21 of 3rd period - Stopped by Sergei Bobrovsky with a rebound.
3:28 of 3rd period - Icing by Patric Hornqvist.
3:29 of 3rd period - Jeff Carter wins face-off versus Anze Kopitar in Predators zone.
3:42 of 3rd period - Shot by Brent Burns.
3:42 of 3rd period - Shot Misses the Net.
4:00 of 3rd period - Shot by Brenden Morrow.
4:00 of 3rd period - Stopped by Dwayne Roloson without a rebound.
4:01 of 3rd period - Ryan Kesler wins face-off versus Mikhail Grabovski in Predators zone.
4:10 of 3rd period - Shot by Shea Weber.
4:10 of 3rd period - Shot Misses the Net.
4:12 of 3rd period - Shot by Marian Gaborik.
4:12 of 3rd period - Shot Misses the Net.
4:14 of 3rd period - Shot by Mikhail Grabovski.
4:14 of 3rd period - Goal by Mikhail Grabovski - Flames : 3 - Predators : 6.
4:15 of 3rd period - Ryan Kesler wins face-off versus Paul Gaustad in neutral zone.
4:15 of 3rd period - Ryan Kesler is hit by Chris Neil.
4:27 of 3rd period - Mikael Samuelsson is hit by Braydon Coburn and loses puck.
4:37 of 3rd period - Ryan Kesler is hit by Braydon Coburn and loses puck.
4:52 of 3rd period - Shot by Ryan Kesler.
4:52 of 3rd period - Shot Misses the Net.
4:54 of 3rd period - Shot by Mikael Samuelsson.
4:54 of 3rd period - Stopped by Dwayne Roloson without a rebound.
4:55 of 3rd period - Anze Kopitar wins face-off versus Mikhail Grabovski in Predators zone.
5:04 of 3rd period - Shot by Anze Kopitar.
5:04 of 3rd period - Deflect By Michael Grabner.
5:04 of 3rd period - Shot Misses the Net.
5:06 of 3rd period - Shot by Toni Lydman.
5:06 of 3rd period - Stopped by Dwayne Roloson with a rebound.
5:08 of 3rd period - Shot by Dustin Brown.
5:08 of 3rd period - Shot Blocked by Shea Weber.
5:14 of 3rd period - Shot by Dustin Brown.
5:14 of 3rd period - Shot Misses the Net.
5:24 of 3rd period - Shot by Michael Grabner.
5:24 of 3rd period - Stopped by Dwayne Roloson without a rebound.
5:25 of 3rd period - Mikhail Grabovski wins face-off versus Shawn Horcoff in Predators zone.
5:37 of 3rd period - Zbynek Michalek is hit by Shawn Horcoff and loses puck.
5:49 of 3rd period - Pierre-Marc Bouchard is hit by Brent Burns and loses puck.
7:30 of 3rd period - Shot by Jeff Carter.
7:30 of 3rd period - Stopped by Sergei Bobrovsky with a rebound.
7:32 of 3rd period - Shot by Shea Weber.
7:32 of 3rd period - Shot Misses the Net.
7:55 of 3rd period - Ryan Kesler is hit by Brent Burns and loses puck.
8:02 of 3rd period - Shot by Brenden Morrow.
8:02 of 3rd period - Deflect By Mikael Samuelsson.
8:02 of 3rd period - Shot Misses the Net.
8:04 of 3rd period - Shot by Ryan Kesler.
8:04 of 3rd period - Deflect By Brenden Morrow.
8:04 of 3rd period - Goal by Brenden Morrow - Flames : 4 - Predators : 6.
8:05 of 3rd period - Paul Gaustad wins face-off versus Ryan Kesler in neutral zone.
8:05 of 3rd period - Wayne Simmonds is hit by Brenden Morrow and loses puck.
9:18 of 3rd period - Shot by Marian Gaborik.
9:18 of 3rd period - Shot Blocked by Toni Lydman.
9:20 of 3rd period - Shot by Zbynek Michalek.
9:20 of 3rd period - Stopped by Sergei Bobrovsky without a rebound.
9:21 of 3rd period - Nicklas Backstrom wins face-off versus Brenden Morrow in Flames zone.
9:46 of 3rd period - Shot by Patric Hornqvist.
9:46 of 3rd period - Shot Misses the Net.
9:48 of 3rd period - Shot by Jeff Carter.
9:48 of 3rd period - Shot Misses the Net.
10:04 of 3rd period - Shot by Jeff Carter.
10:04 of 3rd period - Stopped by Sergei Bobrovsky with a rebound.
10:34 of 3rd period - Shot by Mikhail Grabovski.
10:34 of 3rd period - Deflect By Max Pacioretty.
10:34 of 3rd period - Stopped by Sergei Bobrovsky without a rebound.
10:35 of 3rd period - Paul Gaustad wins face-off versus Anze Kopitar in Flames zone.
10:46 of 3rd period - Shot by Paul Gaustad.
10:46 of 3rd period - Shot Blocked by Toni Lydman.
11:00 of 3rd period - Shot by Dustin Brown.
11:00 of 3rd period - Stopped by Dwayne Roloson with a rebound.
11:04 of 3rd period - Shot by Anze Kopitar.
11:04 of 3rd period - Stopped by Dwayne Roloson without a rebound.
11:05 of 3rd period - Anze Kopitar wins face-off versus Mikhail Grabovski in Predators zone.
11:06 of 3rd period - Shot by Dustin Brown.
11:06 of 3rd period - Stopped by Dwayne Roloson with a rebound.
11:13 of 3rd period - Off-side.
11:14 of 3rd period - Anze Kopitar wins face-off versus Mikhail Grabovski in neutral zone.
11:34 of 3rd period - Minor Penalty to Francis Bouillon for Hooking.
11:35 of 3rd period - Pierre-Marc Bouchard wins face-off versus Nicklas Backstrom in Predators zone.
11:53 of 3rd period - Andrew MacDonald is hit by Brent Burns and loses puck.
12:14 of 3rd period - Shot by Michael Grabner.
12:14 of 3rd period - Deflect By Anze Kopitar.
12:14 of 3rd period - Stopped by Dwayne Roloson without a rebound.
12:15 of 3rd period - Anze Kopitar wins face-off versus Nicklas Backstrom in Predators zone.
12:39 of 3rd period - Icing by Anze Kopitar.
12:40 of 3rd period - Anze Kopitar wins face-off versus Paul Gaustad in Flames zone.
12:40 of 3rd period - Anze Kopitar is hit by Paul Gaustad.
12:41 of 3rd period - Minor Penalty to Paul Gaustad for High sticking.
12:42 of 3rd period - Jeff Carter wins face-off versus Ryan Kesler in Predators zone.
12:42 of 3rd period - Jeff Carter is hit by Devin Setoguchi.
13:01 of 3rd period - Shot by Brenden Morrow.
13:01 of 3rd period - Stopped by Dwayne Roloson with a rebound.
13:09 of 3rd period - Shot by Brenden Morrow.
13:09 of 3rd period - Shot Blocked by Cody Franson.
13:11 of 3rd period - Shot by Ryan Kesler.
13:11 of 3rd period - Shot Misses the Net.
14:05 of 3rd period - Shot by Brenden Morrow.
14:05 of 3rd period - Shot Misses the Net.
14:07 of 3rd period - Shot by Andrew MacDonald.
14:07 of 3rd period - Shot Blocked by Shea Weber.
14:09 of 3rd period - Shot by Mikael Samuelsson.
14:09 of 3rd period - Goal by Mikael Samuelsson - Flames : 5 - Predators : 6.
14:10 of 3rd period - Mikael Samuelsson wins face-off versus Mikhail Grabovski in neutral zone.
14:53 of 3rd period - Robyn Regehr is hit by Max Pacioretty and loses puck.
15:18 of 3rd period - Shot by Wayne Simmonds.
15:18 of 3rd period - Stopped by Sergei Bobrovsky without a rebound.
15:19 of 3rd period - Anze Kopitar wins face-off versus Nicklas Backstrom in Flames zone.
15:19 of 3rd period - Anze Kopitar is hit by Patric Hornqvist.
15:37 of 3rd period - Toni Lydman is hit by Shea Weber.
16:20 of 3rd period - Tomas Kaberle is hit by Brenden Morrow and loses puck.
16:27 of 3rd period - Shot by Ryan Kesler.
16:27 of 3rd period - Shot Misses the Net.
16:29 of 3rd period - Shot by Devin Setoguchi.
16:29 of 3rd period - Shot Misses the Net.
16:31 of 3rd period - Shot by Andrew MacDonald.
16:31 of 3rd period - Stopped by Dwayne Roloson without a rebound.
16:32 of 3rd period - Devin Setoguchi wins face-off versus Paul Gaustad in Predators zone.
16:53 of 3rd period - Shot by Devin Setoguchi.
16:53 of 3rd period - Shot Misses the Net.
16:57 of 3rd period - Shot by Devin Setoguchi.
16:57 of 3rd period - Stopped by Dwayne Roloson without a rebound.
16:58 of 3rd period - Mikhail Grabovski wins face-off versus Anze Kopitar in Predators zone.
17:34 of 3rd period - Icing by Zbynek Michalek.
17:35 of 3rd period - Ryan Kesler wins face-off versus Mikhail Grabovski in Predators zone.
17:38 of 3rd period - Shot by Dan Boyle.
17:38 of 3rd period - Stopped by Dwayne Roloson without a rebound.
17:39 of 3rd period - Paul Gaustad wins face-off versus Mikael Samuelsson in Predators zone.
17:39 of 3rd period - Paul Gaustad is hit by Brenden Morrow.
17:48 of 3rd period - Off-side.
17:49 of 3rd period - Mikhail Grabovski wins face-off versus Devin Setoguchi in neutral zone.
17:53 of 3rd period - Minor Penalty to Max Pacioretty for Hooking.
17:54 of 3rd period - Ryan Kesler wins face-off versus Jeff Carter in Predators zone.
17:54 of 3rd period - Ryan Kesler is hit by Shea Weber.
18:07 of 3rd period - Ryan Kesler is hit by Braydon Coburn and loses puck.
18:43 of 3rd period - Icing by Dan Boyle.
18:44 of 3rd period - Paul Gaustad wins face-off versus Anze Kopitar in Flames zone.
18:48 of 3rd period - Jeff Carter is hit by Niklas Kronwall and loses puck.
18:52 of 3rd period - Icing by Niklas Kronwall.
18:53 of 3rd period - Anze Kopitar wins face-off versus Nicklas Backstrom in Flames zone.
19:00 of 3rd period - Flames, Sergei Bobrovsky is pulled from the net.
19:31 of 3rd period - Off-side.
19:32 of 3rd period - Paul Gaustad wins face-off versus Ryan Kesler in neutral zone.
19:52 of 3rd period - Icing by Ryan Kesler.
19:53 of 3rd period - Sergei Bobrovsky from Flames was sent back in the game.
19:53 of 3rd period - Nicklas Backstrom wins face-off versus Ryan Kesler in Flames zone.


Output by the SimonT Hockey Simulator (STHS) for Stephane Roy -- Original Page W3C XHTML 1.0 Valid